| TOP OF THE 1ST |
|
UCLA Bruins batting - Pitching for University of Toronto Marlies : RHP Brad Cannell
|
|
Pitching: RHP Brad Cannell
|
|
|
Batting: LHB Mark Cummings
|
0-0: Ball 1-0: Ball 2-0: Ball 3-0: Base on Balls
|
|
Batting: RHB Melvin Yanes
|
0-0: Called Strike Mark Cummings steals 2nd base 0-1: Ground out 6-3 (Groundball, 6, EV 78.1 MPH)
|
|
Batting: RHB Issac Konol
|
0-0: Foul Ball, location: 2F 0-1: Swinging Strike 0-2: Ball 1-2: DOUBLE (Line Drive, 9LS, EV 101.9 MPH) Mark Cummings scores
|
|
Batting: RHB Ethan Krause
|
0-0: Called Strike 0-1: Ground out 3-1 (Groundball, 34S, EV 80.0 MPH) Issac Konol to third
|
|
Batting: RHB Dave Spradley
|
0-0: Ball 1-0: Ball 2-0: Called Strike 2-1: Ball 3-1: Foul Ball, location: 2F 3-2: Foul Ball, location: 2F 3-2: Ground out 4-3 (Groundball, 4M, EV 88.8 MPH)
|
| Top of the 1st over - 1 run, 1 hit, 0 errors, 1 left on base; UCLA 1 - University of Toronto 0 |
| BOTTOM OF THE 1ST |
|
University of Toronto Marlies batting - Pitching for UCLA Bruins : RHP Bruce Paredes
|
|
Pitching: RHP Bruce Paredes
|
|
|
Batting: RHB Charlie Townend
|
0-0: Called Strike 0-1: Called Strike 0-2: Ball 1-2: Foul Ball, location: 2F 1-2: Fly out, F8 (Line Drive, 8LD, EV 96.9 MPH)
|
|
Batting: LHB Mitch Melton
|
0-0: Ball 1-0: DOUBLE (Line Drive, 7LM, EV 101.2 MPH)
|
|
Batting: RHB Ryan Martin
|
0-0: Ground out 4-3 (Groundball, 4, EV 91.9 MPH) Mitch Melton to third
|
|
Batting: RHB Todd Maybury
|
0-0: Ball 1-0: Ball 2-0: Called Strike 2-1: Ball 3-1: Base on Balls
|
|
Batting: SHB Conrade Gordon
|
0-0: Ball 1-0: Ball 2-0: Ball 3-0: Called Strike 3-1: Fielders Choice at 2nd, 5-4 (Groundball, 5L, EV 80.0 MPH)
|
| Bottom of the 1st over - 0 runs, 1 hit, 0 errors, 2 left on base; UCLA 1 - University of Toronto 0 |
| TOP OF THE 2ND |
|
UCLA Bruins batting - Pitching for University of Toronto Marlies : RHP Brad Cannell
|
|
Batting: LHB Scott Mullett
|
0-0: Called Strike 0-1: Ball 1-1: Foul Ball, location: 2F 1-2: Foul Ball, location: 2F 1-2: Ball 2-2: Foul Ball, location: 2F 2-2: Foul Ball, location: 2F 2-2: Fly out, F8 (Flyball, 8LM, EV 86.9 MPH)
|
|
Batting: RHB Michael Alvarado
|
0-0: Called Strike 0-1: Ball 1-1: Fly out, F6 (Popup, 4MD, EV 61.9 MPH)
|
|
Batting: SHB Steve Fouhy
|
0-0: Called Strike 0-1: Swinging Strike 0-2: Strikes out swinging
|
| Top of the 2nd over - 0 runs, 0 hits, 0 errors, 0 left on base; UCLA 1 - University of Toronto 0 |
| BOTTOM OF THE 2ND |
|
University of Toronto Marlies batting - Pitching for UCLA Bruins : RHP Bruce Paredes
|
|
Batting: RHB Steve Campeau
|
0-0: Ground out 5-3 (Groundball, 56S, EV 84.4 MPH)
|
|
Batting: SHB Jake Seymour
|
0-0: Called Strike 0-1: Ground out 4-3 (Groundball, 34, EV 76.9 MPH)
|
|
Batting: RHB John Wilson
|
0-0: Called Strike 0-1: Foul Ball, location: 2F 0-2: Foul Ball, location: 2F 0-2: Ball 1-2: Ball 2-2: Ground out 6-3 (Groundball, 6, EV 86.2 MPH)
|
| Bottom of the 2nd over - 0 runs, 0 hits, 0 errors, 0 left on base; UCLA 1 - University of Toronto 0 |
| TOP OF THE 3RD |
|
UCLA Bruins batting - Pitching for University of Toronto Marlies : RHP Brad Cannell
|
|
Batting: SHB Mike Beck
|
0-0: Foul Ball, location: 2F 0-1: Ball 1-1: DOUBLE (Line Drive, 7LS, EV 92.5 MPH)
|
|
Batting: LHB Mark Cummings
|
0-0: Swinging Strike 0-1: Swinging Strike 0-2: Ball 1-2: Ball 2-2: Ball 3-2: Fly out, F7 (Flyball, 7S, EV 75.0 MPH)
|
|
Batting: RHB Melvin Yanes
|
0-0: Fly out, F3 (Popup, 3L, EV 76.2 MPH)
|
|
Batting: RHB Issac Konol
|
0-0: Ball 1-0: Called Strike 1-1: Reached on error, E4 (Groundball, 4, EV 87.5 MPH) Mike Beck to third
|
|
Batting: RHB Ethan Krause
|
0-0: Ball 1-0: Foul Ball, location: 2F 1-1: Called Strike 1-2: Ball 2-2: Fielders Choice at 2nd, 5-4 (Groundball, 5, EV 108.8 MPH)
|
| Top of the 3rd over - 0 runs, 1 hit, 1 error, 2 left on base; UCLA 1 - University of Toronto 0 |
| BOTTOM OF THE 3RD |
|
University of Toronto Marlies batting - Pitching for UCLA Bruins : RHP Bruce Paredes
|
|
Batting: RHB Kevin McGaughey
|
0-0: Ball 1-0: Ball 2-0: Called Strike 2-1: Ball 3-1: Fly out, F9 (Flyball, 9, EV 98.1 MPH)
|
|
Batting: RHB Charlie Townend
|
0-0: Ball 1-0: Foul Ball, location: 2F 1-1: Called Strike 1-2: DOUBLE (Line Drive, 8RXD, EV 110.6 MPH)
|
|
Batting: LHB Mitch Melton
|
0-0: Ball 1-0: Ground out 4-3 (Groundball, 4, EV 83.1 MPH) Charlie Townend to third
|
|
Batting: RHB Ryan Martin
|
0-0: Foul Ball, location: 2F 0-1: Foul Ball, location: 2F 0-2: Ball Wild Pitch! Charlie Townend scores 1-2: Fly out, F9 (Flyball, 9D, EV 102.5 MPH)
|
| Bottom of the 3rd over - 1 run, 1 hit, 0 errors, 0 left on base; UCLA 1 - University of Toronto 1 |
| TOP OF THE 4TH |
|
UCLA Bruins batting - Pitching for University of Toronto Marlies : RHP Brad Cannell
|
|
Batting: RHB Dave Spradley
|
0-0: Ball 1-0: Foul Ball, location: 2F 1-1: SINGLE (Groundball, 6MD, EV 102.5 MPH)
|
|
Batting: LHB Scott Mullett
|
0-0: Ball 1-0: Swinging Strike 1-1: Fly out, F7 (Flyball, 7, EV 88.1 MPH)
|
|
Batting: RHB Michael Alvarado
|
0-0: Ball 1-0: Ball 2-0: SINGLE (Groundball, 6MD, EV 99.4 MPH) Dave Spradley to second
|
|
Batting: SHB Steve Fouhy
|
0-0: Fly out, F7 (Flyball, 78S, EV 87.5 MPH)
|
|
Batting: SHB Mike Beck
|
0-0: Ball 1-0: Ball 2-0: Foul Ball, location: 2F 2-1: Ball 3-1: Base on Balls Dave Spradley to third Michael Alvarado to second
|
|
Pinch Hitting: LHB Andy Pluskota
|
0-0: Ground out 4-3 (Groundball, 4, EV 105.0 MPH)
|
| Top of the 4th over - 0 runs, 2 hits, 0 errors, 3 left on base; UCLA 1 - University of Toronto 1 |
| BOTTOM OF THE 4TH |
|
University of Toronto Marlies batting - Pitching for UCLA Bruins : RHP Bruce Paredes
|
|
Now in LF: Andy Pluskota
|
|
|
Now in CF: Melvin Yanes
|
|
|
Batting: RHB Todd Maybury
|
0-0: Called Strike 0-1: Foul Ball, location: 2F 0-2: Ball 1-2: Strikes out swinging
|
|
Batting: SHB Conrade Gordon
|
0-0: Called Strike 0-1: Foul Ball, location: 2F 0-2: Ball 1-2: Foul Ball, location: 2F 1-2: Ground out 5-3 (Groundball, 56, EV 81.2 MPH)
|
|
Batting: RHB Steve Campeau
|
0-0: Ball 1-0: Called Strike 1-1: Ball 2-1: Called Strike 2-2: Foul Ball, location: 2F 2-2: Foul Ball, location: 2F 2-2: Fly out, F5 (Popup, 56S, EV 88.1 MPH)
|
| Bottom of the 4th over - 0 runs, 0 hits, 0 errors, 0 left on base; UCLA 1 - University of Toronto 1 |
| TOP OF THE 5TH |
|
UCLA Bruins batting - Pitching for University of Toronto Marlies : RHP Brad Cannell
|
|
Now in LF: Aaron Knight
|
|
|
Pinch Hitting: RHB Andy Knerr
|
0-0: Ball 1-0: Ball 2-0: Foul Ball, location: 2F 2-1: Ball 3-1: Called Strike 3-2: Foul Ball, location: 2F 3-2: Foul Ball, location: 2F 3-2: Base on Balls
|
|
Pinch Hitting: SHB Kevin Allen
|
0-0: Ball 1-0: SINGLE (Groundball, 3D, EV 106.9 MPH) Andy Knerr to second Runner from 2nd tries for 3rd, SAFE, no throw by RF
|
|
Batting: RHB Ethan Krause
|
0-0: 3-RUN HOME RUN (Flyball, 89XD, EV 104.4 MPH), Distance : 431 ft
|
|
Batting: RHB Dave Spradley
|
0-0: Ball 1-0: Called Strike 1-1: Ball 2-1: Fly out, F2 (Popup, 25F, EV 81.2 MPH)
|
|
Batting: LHB Scott Mullett
|
0-0: Ball 1-0: Called Strike 1-1: Foul Ball, location: 2F 1-2: Ball 2-2: Ground out U3 (Groundball, 3, EV 90.6 MPH)
|
|
Pinch Hitting: RHB Pete Devaux
|
0-0: Foul Ball, location: 2F 0-1: Foul Ball, location: 2F 0-2: Ground out 5-3 (Groundball, 56S, EV 61.9 MPH)
|
| Top of the 5th over - 3 runs, 2 hits, 0 errors, 0 left on base; UCLA 4 - University of Toronto 1 |
| BOTTOM OF THE 5TH |
|
University of Toronto Marlies batting - Pitching for UCLA Bruins : RHP Bruce Paredes
|
|
Now at C: Chris Pounders
|
|
|
Now at 1B: Young-lau Seow
|
|
|
Now at 2B: Pete Devaux
|
|
|
Now in CF: Sean Munns
|
|
|
Batting: SHB Jake Seymour
|
0-0: Ball 1-0: Ground out U3 (Groundball, 13, EV 86.2 MPH)
|
|
Batting: RHB John Wilson
|
0-0: Ball 1-0: Called Strike 1-1: Ball 2-1: Ball 3-1: SINGLE (Line Drive, 6M, EV 108.8 MPH)
|
|
Batting: RHB Kevin McGaughey
|
0-0: Called Strike 0-1: Fly out, F7 (Flyball, 7, EV 83.8 MPH)
|
|
Batting: RHB Charlie Townend
|
0-0: Called Strike 0-1: Ball 1-1: Foul Ball, location: 2F 1-2: Ball 2-2: Foul Ball, location: 2F 2-2: Fly out, F6 (Popup, 6MS, EV 84.4 MPH)
|
| Bottom of the 5th over - 0 runs, 1 hit, 0 errors, 1 left on base; UCLA 4 - University of Toronto 1 |
| TOP OF THE 6TH |
|
UCLA Bruins batting - Pitching for University of Toronto Marlies : RHP Brad Cannell
|
|
Pitching: RHP Luke Stannard
|
|
|
Batting: SHB Steve Fouhy
|
0-0: Swinging Strike 0-1: Called Strike 0-2: Ball 1-2: Ball 2-2: Foul Ball, location: 2F 2-2: Fly out, F3 (Popup, 23F, EV 78.1 MPH)
|
|
Batting: SHB Mike Beck
|
0-0: SINGLE (Groundball, 56D, EV 94.4 MPH)
|
|
Batting: LHB Andy Pluskota
|
0-0: Swinging Strike 0-1: Ball Wild Pitch! Mike Beck to second 1-1: Foul Ball, location: 2F 1-2: Strikes out looking
|
|
Batting: SHB Sean Munns
|
0-0: Called Strike 0-1: Ball 1-1: Fly out, F5 (Popup, 25, EV 95.6 MPH)
|
| Top of the 6th over - 0 runs, 1 hit, 0 errors, 1 left on base; UCLA 4 - University of Toronto 1 |
| BOTTOM OF THE 6TH |
|
University of Toronto Marlies batting - Pitching for UCLA Bruins : RHP Bruce Paredes
|
|
Pitching: RHP Kyle Mann
|
|
|
Batting: RHB Aaron Knight
|
0-0: Called Strike 0-1: Foul Ball, location: 2F 0-2: Strikes out looking
|
|
Batting: RHB Ryan Martin
|
0-0: Ball 1-0: Called Strike 1-1: Ball 2-1: Ball 3-1: Called Strike 3-2: Foul Ball, location: 2F 3-2: Strikes out looking
|
|
Batting: RHB Todd Maybury
|
0-0: Ball 1-0: Foul Ball, location: 2F 1-1: Swinging Strike 1-2: Foul Ball, location: 2F 1-2: Strikes out swinging
|
| Bottom of the 6th over - 0 runs, 0 hits, 0 errors, 0 left on base; UCLA 4 - University of Toronto 1 |
| TOP OF THE 7TH |
|
UCLA Bruins batting - Pitching for University of Toronto Marlies : RHP Luke Stannard
|
|
Pitching: RHP Jerry Pozos
|
|
|
Batting: LHB Young-lau Seow
|
0-0: Ball 1-0: Swinging Strike 1-1: Ball 2-1: SOLO HOME RUN (Flyball, 9D, EV 97.5 MPH), Distance : 372 ft
|
|
Batting: RHB Luis de Jesus
|
0-0: Called Strike 0-1: Swinging Strike 0-2: Ball 1-2: Foul Ball, location: 2F 1-2: Ball 2-2: Foul Ball, location: 2F 2-2: Strikes out swinging
|
|
Batting: RHB Chris Pounders
|
0-0: Ball 1-0: Ball 2-0: Ball 3-0: Called Strike 3-1: Base on Balls
|
|
Batting: LHB Scott Mullett
|
0-0: Foul Ball, location: 2F 0-1: Swinging Strike 0-2: Ball 1-2: Fly out, F8 (Flyball, 8RD, EV 101.9 MPH)
|
|
Batting: RHB Pete Devaux
|
0-0: Called Strike 0-1: Fly out, F5 (Line Drive, 56, EV 68.1 MPH)
|
| Top of the 7th over - 1 run, 1 hit, 0 errors, 1 left on base; UCLA 5 - University of Toronto 1 |
| BOTTOM OF THE 7TH |
|
University of Toronto Marlies batting - Pitching for UCLA Bruins : RHP Kyle Mann
|
|
Pitching: LHP Joe Landgraff
|
|
|
Batting: SHB Conrade Gordon
|
0-0: Ball 1-0: Ball 2-0: Foul Ball, location: 2F 2-1: Ball 3-1: Base on Balls
|
|
Batting: RHB Steve Campeau
|
0-0: Ball 1-0: Ball 2-0: Ball 3-0: Called Strike 3-1: Fly out, F9 (Flyball, 9, EV 76.2 MPH)
|
|
Batting: RHB Konrad van Pelt
|
0-0: Ball 1-0: Called Strike 1-1: Ball 2-1: Swinging Strike 2-2: Ball 3-2: Base on Balls Conrade Gordon to second
|
|
Batting: RHB John Wilson
|
0-0: Called Strike 0-1: Foul Ball, location: 2F 0-2: Strikes out swinging
|
|
Batting: RHB Kevin McGaughey
|
0-0: Called Strike 0-1: Foul Ball, location: 2F 0-2: Ball 1-2: Ball 2-2: Ball 3-2: Strikes out swinging
|
| Bottom of the 7th over - 0 runs, 0 hits, 0 errors, 2 left on base; UCLA 5 - University of Toronto 1 |
| TOP OF THE 8TH |
|
UCLA Bruins batting - Pitching for University of Toronto Marlies : RHP Jerry Pozos
|
|
Pitching: LHP Nick Holt
|
|
|
Batting: SHB Steve Fouhy
|
0-0: Fly out, F8 (Flyball, 8LM, EV 92.5 MPH)
|
|
Batting: SHB Mike Beck
|
0-0: Foul Ball, location: 2F 0-1: Called Strike 0-2: Ball 1-2: Ball 2-2: Ball 3-2: Base on Balls
|
|
Batting: LHB Andy Pluskota
|
0-0: Ball 1-0: SINGLE (Line Drive, 56, EV 96.9 MPH) Mike Beck to second
|
|
Batting: SHB Sean Munns
|
0-0: Called Strike 0-1: Foul Ball, location: 2F 0-2: Strikes out swinging
|
|
Batting: LHB Young-lau Seow
|
0-0: Ball 1-0: Fly out, F9 (Flyball, 89M, EV 88.1 MPH)
|
| Top of the 8th over - 0 runs, 1 hit, 0 errors, 2 left on base; UCLA 5 - University of Toronto 1 |
| BOTTOM OF THE 8TH |
|
University of Toronto Marlies batting - Pitching for UCLA Bruins : LHP Joe Landgraff
|
|
Pitching: RHP Carlos Rodriguez
|
|
|
Batting: RHB Charlie Townend
|
0-0: Ball 1-0: Called Strike 1-1: Called Strike 1-2: Fly out, F7 (Flyball, 78S, EV 91.9 MPH)
|
|
Batting: RHB Aaron Knight
|
0-0: Called Strike 0-1: Called Strike 0-2: Ball 1-2: Ball 2-2: Foul Ball, location: 2F 2-2: Foul Ball, location: 2F 2-2: Ball 3-2: Base on Balls
|
|
Batting: RHB Ryan Martin
|
0-0: Ball 1-0: Called Strike 1-1: SINGLE (Line Drive, 89M, EV 87.5 MPH) Aaron Knight to second
|
|
Batting: RHB Todd Maybury
|
0-0: Ball 1-0: Called Strike 1-1: SINGLE (Line Drive, 34D, EV 94.4 MPH) Aaron Knight to third Ryan Martin to second
|
|
Pitching: LHP Honor Munoz
|
|
|
Batting: SHB Conrade Gordon
|
0-0: Fly out, F7 (Line Drive, 7D, EV 104.4 MPH) Runner from 3rd tags up, SCORES, no throw by LF Ryan Martin to third
|
|
Batting: RHB Steve Campeau
|
0-0: Called Strike 0-1: Called Strike 0-2: Ball 1-2: Strikes out swinging
|
| Bottom of the 8th over - 1 run, 2 hits, 0 errors, 2 left on base; UCLA 5 - University of Toronto 2 |
| TOP OF THE 9TH |
|
UCLA Bruins batting - Pitching for University of Toronto Marlies : LHP Nick Holt
|
|
Pitching: RHP Mario Cumplido
|
|
|
Batting: LHB Dave Hutchison
|
0-0: Called Strike 0-1: Fly out, F7 (Line Drive, 7, EV 88.1 MPH)
|
|
Batting: RHB Chris Pounders
|
0-0: Ball 1-0: Swinging Strike 1-1: Ball 2-1: Ball 3-1: Base on Balls
|
|
Batting: LHB Scott Mullett
|
0-0: Ball 1-0: Ball 2-0: Ball 3-0: Base on Balls Chris Pounders to second
|
|
Batting: RHB Pete Devaux
|
0-0: Foul Ball, location: 2F 0-1: SINGLE (Groundball, 56D, EV 106.9 MPH) Chris Pounders to third Scott Mullett to second
|
|
Batting: SHB Steve Fouhy
|
0-0: Ball Wild Pitch! Chris Pounders scores Scott Mullett to third Pete Devaux to second 1-0: Foul Ball, location: 2F 1-1: Foul Ball, location: 2F 1-2: Foul Ball, location: 2F 1-2: Fly out, F8 (Flyball, 78M, EV 89.4 MPH) Runner from 3rd tags up, SCORES, throw by CF Pete Devaux to third
|
|
Batting: SHB Mike Beck
|
0-0: Ball 1-0: Foul Ball, location: 2F 1-1: Called Strike 1-2: Ball 2-2: Foul Ball, location: 2F 2-2: Fly out, F8 (Flyball, 8RM, EV 73.8 MPH)
|
| Top of the 9th over - 2 runs, 1 hit, 0 errors, 1 left on base; UCLA 7 - University of Toronto 2 |
| BOTTOM OF THE 9TH |
|
University of Toronto Marlies batting - Pitching for UCLA Bruins : LHP Honor Munoz
|
|
Pitching: LHP Marcus Finch
|
|
|
Batting: RHB Konrad van Pelt
|
0-0: Called Strike 0-1: Ball 1-1: Ball 2-1: Called Strike 2-2: Foul Ball, location: 2F 2-2: Ground out 5-3 (Groundball, 5, EV 109.4 MPH)
|
|
Batting: RHB John Wilson
|
0-0: Called Strike 0-1: Ball 1-1: Swinging Strike 1-2: Ball 2-2: Foul Ball, location: 2F 2-2: DOUBLE (Flyball, 89D, EV 101.9 MPH)
|
|
Batting: RHB Kevin McGaughey
|
0-0: Foul Ball, location: 2F 0-1: Swinging Strike 0-2: Ball 1-2: Strikes out swinging
|
|
Batting: RHB Charlie Townend
|
0-0: Called Strike 0-1: Swinging Strike 0-2: Ball 1-2: Strikes out swinging
|
| Bottom of the 9th over - 0 runs, 1 hit, 0 errors, 1 left on base; UCLA 7 - University of Toronto 2 |
|